 Dungeon Crawl Stone Soup version 0.31-a0-968-g24f9ace8b5 (webtiles) character file.

Game seed: 9285565665204835982

28 Xavori the Trooper (level 3, -6/30 HPs)
             Began as a Djinni Chaos Knight on Oct 27, 2023.
             Was a Plaything of Xom.
             Mangled by an orc
             ... wielding a +2 falchion of protection
              (13 damage)
             ... on level 1 of the Dungeon.
             The game lasted 00:00:42 (741 turns).

Xavori the Trooper (Djinni Chaos Knight)             Turns: 741, Time: 00:00:42

Health: -6/30      AC:  5    Str: 10 (11) XL:     3   Next: 27%
Gold:   34         EV: 12    Int: 13      God:    Xom [......] SH:  0 Dex: 14

rFire   + + .        a - +0 falchion (chaos)
rCold   x . .        (no shield)
rNeg    . . .        b - +2 leather armour
rPois   ∞            (no helmet)
rElec   .            (no cloak)
rCorr   .            (no gloves)
SInv    .            (boots unavailable)
Will    .....        (no amulet)
Stlth   +            (no ring)
HPRegen 0.25/turn    (no ring)
MPRegen 0.00/turn

%: infuse magic (-7 HP)
@: flying
A: sickness immunity, fire resistance 2, cold vulnerability 1, float, innate
caster, HP casting, extra vitality 1
a: Renounce Religion


You were on level 1 of the Dungeon.
You worshipped Xom.
You were a very special plaything of Xom.
You visited 1 branch of the dungeon, and saw 2 of its levels.

You collected 34 gold pieces.

Inventory:

Hand Weapons
 a - a +0 falchion of chaos (weapon)
Armour
 b - a +2 leather armour (worn)
Scrolls
 c - a scroll of butterflies
 f - a scroll of poison {unknown}
 i - a scroll of identify {unknown}
Potions
 d - a potion of might {unknown}
 e - a potion of heal wounds {unknown}
 g - a potion of attraction {unknown}
 h - a potion of haste {unknown}
 j - a potion of ambrosia {unknown}


   Skills:
 + Level 3.2 Fighting
 + Level 2.9 Long Blades
 + Level 1.4 Armour
 + Level 2.5 Dodging
 * Level 0.7 Spellcasting
 * Level 0.7 Conjurations
 * Level 0.7 Hexes
   Level 0.0 Charms
 * Level 0.7 Summonings
 * Level 0.7 Necromancy
 * Level 0.7 Translocations
 * Level 0.7 Transmutations
 * Level 0.7 Fire Magic
 * Level 0.7 Ice Magic
 * Level 0.7 Air Magic
 * Level 0.7 Earth Magic
 * Level 0.7 Poison Magic


You knew the following spells:

 Your Spells              Type           Power      Damage    Failure   Level
a - Sandblast             Erth           4%         2d4       28%         1
Your spell library was empty.

Dungeon Overview and Level Annotations

Branches:
Dungeon (2/15)

Altars:


Innate Abilities, Weirdness & Mutations

You are immune to sickness and miasma.
You are immune to poison.
Your flesh is very heat resistant. (rF++)
You are vulnerable to cold. (rC-)
You float through the air rather than walking.
You learn spells naturally, not from books.
Your magical power is your life essence.
You have superior vitality. (+4 MHP)


Message History

There is a stone staircase leading down here.
There are monsters nearby!
Found a scale mail.
An orc priest comes into view. It is wielding a +0 hand axe.
A quokka comes into view.
An orc comes into view. It is wielding a +0 short sword.
Found a scroll labelled DAOTY BU NAUBB and a knobbly runed staff.
The orc shouts!
The orc priest shouts! x2
The orc priest calls down the wrath of Beogh upon you.
Beogh smites you!
There is a stone staircase leading down here.
There is a stone staircase leading up here.
The orc closely misses you.
You fly upwards.
There is a stone staircase leading down here.
You hit the orc.
The orc suddenly seems more resistant.
The orc is lightly wounded.
The orc misses you.
You closely miss the orc.
The orc is lightly wounded.
The orc hits you with a +2 falchion of protection.
The orc hits you but does no damage.
You hit the orc but do no damage.
The orc is lightly wounded.
The orc hits you with a +2 falchion of protection.
You hit the orc but do no damage.
The orc is poisoned.
The orc is lightly wounded.
The orc barely misses you.
You hit the orc.
The orc goes berserk!
The orc is heavily wounded.
The orc hits you with a +2 falchion of protection. x2
* * * LOW HITPOINT WARNING * * *
You hit the orc but do no damage.
The orc is heavily wounded.
The orc hits you but does no damage.
You closely miss the orc.
The orc is severely wounded.
The orc barely misses you.
The orc hits you with a +2 falchion of protection!
You die...

#..........# #.##.#
#..#######.####.##.#
#..# #.........# #..#
######..### #..### #..#
#....# ##.### ##.#.#
#..#8##
#.#.#########......
#o@..#.............
##......####.#####..
#........# #...#....
###)(.....# ###.#.###
####......#..# #...# #
###......#.##..# ##..# #
#.........###..# #..# #
#.#..#.##.###..# #..# #
#.#.###.#.##...######..#


You could see an orc (berserk, resistant, very poisoned).

Vanquished Creatures
  2 dart slugs (D:1)
  A ball python (D:1)
  3 bats (D:1)
  2 endoplasms (D:1)
  3 giant cockroaches (D:1)
  A jackal (D:1)
  3 kobolds
  2 frilled lizards (D:1)
  2 goblins (D:1)
  A rat (D:1)
20 creatures vanquished.

Vanquished Creatures (collateral kills)
  A kobold (D:1)
1 creature vanquished.

Vanquished Creatures (others)
  A bat zombie (D:1)
1 creature vanquished.

Grand Total: 22 creatures vanquished

Notes
Turn   | Place    | Note
-------+----------+-------------------------------------------
     0 | D:1      | Xavori the Djinni Chaos Knight began the quest for the Orb.
     0 | D:1      | Reached XP level 1. HP: 20/20 MP: 0/0
    69 | D:1      | Reached XP level 2. HP: 25/25 MP: 0/0
    70 | D:1      | XOM: silly message
   300 | D:1      | Reached XP level 3. HP: 25/30 MP: 0/0
   300 | D:1      | Learned a level 1 spell: Sandblast
   558 | D:1      | XOM: stat loss: -1 Str (10/11)
   608 | D:1      | XOM: silly message
   741 | D:1      | Mangled by an orc

Illustrated notes

Levels and vault maps discovered:
D:1:      minmay_arrival_solitary_statue, layout_loops_ring,
          chequers_hall_statues_corner_a, serial_bayou_pond_d, minmay_tripent
D:2:      layout_rooms, kennysheep_pointless_box, kennysheep_big_empty_room,
          chequers_big_river

Action                     || total
---------------------------++-------
  Melee: Falchion          ||    68
   Stab: Paralysed         ||     2
 Armour: Leather armour    ||    36
  Dodge: Dodged            ||    42

Table legend: (Time is in decaauts)
 A = Elapsed time spent in this place.
 B = Non-inter-level travel time spent in this place.
 C = Inter-level travel time spent in this place.
 D = Time resting spent in this place.
 E = Time spent auto-exploring this place.
 F = Levels seen in this place.
 G = Mean time per level.
                   A        B        C        D        E       F      G
               +--------+--------+--------+--------+--------+-----+--------+
         Total |    751 |    732 |     19 |      0 |    565 |   2 |  375.5 |
       Dungeon |    751 |    732 |     19 |      0 |    565 |   2 |  375.5 |
               +--------+--------+--------+--------+--------+-----+--------+

Top non-repeatable levels by time:
     D:1: 712 daAuts
     D:2: 39 daAuts
